 Dungeon Crawl Stone Soup version 0.31.0-11-ge490571c62 (webtiles) character file.

Game seed: 7868141935981872206

102 qw the Shooter (level 4, -1/22 HPs)
             Began as a Spriggan Hunter on Feb 3, 2024.
             Succumbed to an adder's poison
             ... on level 4 of the Dungeon.
             The game lasted 00:00:07 (2119 turns).

qw the Shooter (Spriggan Hunter)                    Turns: 2119, Time: 00:00:08

Health: -1/22      AC:  2    Str:  7    XL:     4   Next: 49%
Magic:  3/5        EV: 20    Int: 10    God:
Gold:   51         SH:  0    Dex: 20    Spells: 3/3 levels left

rFire   . . .        a - +0 shortbow
rCold   . . .        (shield currently unavailable)
rNeg    . . .        c - +0 robe
rPois   .            (helmet restricted)
rElec   .            (no cloak)
rCorr   .            (gloves unavailable)
SInv    +            (boots unavailable)
Will    .....        e - amulet of guardian spirit
Stlth   ++           (no ring)
HPRegen 0.23/turn    (no ring)
MPRegen 0.09/turn

%: guardian spirit
@: lethally poisoned (-1 -> -6), about to teleport, very quick
A: very small, no large weapons, unfitting armour, see invisible, speed 3
a: no special abilities


You were on level 4 of the Dungeon.
You visited 1 branch of the dungeon, and saw 4 of its levels.

You collected 131 gold pieces.
You spent 80 gold pieces at shops.


Innate Abilities, Weirdness & Mutations

You are very small and have problems with some larger weapons.
You are too small for most types of armour.
You have supernaturally acute eyesight. (SInv)
You cover ground extremely quickly. (Speed+++)


   Skills:
 - Level 1.5 Fighting
 - Level 5.0 Ranged Weapons
 + Level 4.9 Dodging
 - Level 1.5 Stealth


You had 3 spell levels left.
You didn't know any spells.
Your spell library was empty.

Inventory:

Hand Weapons
 a - a +0 shortbow (weapon)
Armour
 c - a +0 robe (worn)
Jewellery
 e - an amulet of guardian spirit (around neck)
Scrolls
 j - a scroll of teleportation
Potions
 h - a potion of curing {unknown}

Dungeon Overview and Level Annotations

Branches:
Dungeon (4/15)
 Temple: D:4-7

Altars:

Shops:
D:3 **?(   D:4 ?


Message History

You start resting.
Magic restored.
You start resting.
HP restored.
You climb downwards.
The adder bites you. The adder completely misses you.
There is a stone staircase leading up here.
You shoot an arrow.
The arrow hits the adder but does no damage.
The adder misses you.
You shoot an arrow. The arrow closely misses the adder.
The adder bites you.
You are poisoned.
The adder poisons you! The adder closely misses you.
You shoot an arrow. The arrow hits the adder.
The adder is moderately wounded.
You feel sick. The adder misses you.
You shoot an arrow. The arrow barely misses the adder.
You feel sick. The adder bites you. x2
You are more poisoned.
The adder poisons you!
You shoot an arrow. The arrow barely misses the adder.
You feel very sick. The adder closely misses you.
You shoot an arrow. The arrow hits the adder.
The adder is severely wounded.
You feel sick. The adder misses you. The adder completely misses you.
You shoot an arrow. The arrow barely misses the adder.
You feel sick. The adder misses you.
You shoot an arrow. The arrow misses the adder.
You feel sick. The adder bites you.
You are lethally poisoned!
The adder poisons you! The adder barely misses you.
2117 ||| READING 2 scrolls of teleportation.
As you read the scroll of teleportation, it crumbles to dust.
You feel strangely unstable.
You feel sick. The adder misses you.
You shoot an arrow. The arrow misses the adder.
You feel sick. The adder barely misses you.
You shoot an arrow. The arrow misses the adder.
You die...

..#.##
#.#..#
#.#..#
#.#.8#
#....####
#.8.\<8.#
#S.......
#@..8.#
##...##
#.## ...
###


You could see an adder.

Vanquished Creatures
  4 adders
  A dart slug (D:1)
  6 orcs (D:3)
  4 bats
  5 endoplasms
  4 giant cockroaches
  4 hobgoblins
  2 quokkas
  9 ball pythons
  3 frilled lizards (D:1)
  2 goblins
  5 kobolds
  11 rats
60 creatures vanquished.

Notes
Turn   | Place    | Note
-------+----------+-------------------------------------------
     0 | D:1      | qw the Spriggan Hunter began the quest for the Orb.
     0 | D:1      | Reached XP level 1. HP: 10/10 MP: 2/2
     0 | D:1      | 0 ||| qw: Version: 0.3-a-157-g843a77d
     0 | D:1      | 0 ||| qw: Game counter: 3796
     0 | D:1      | 0 ||| qw: Melee chars always use a shield: true
     0 | D:1      | 0 ||| qw: God list: Okawaru
     0 | D:1      | 0 ||| qw: Allow faded altars: false
     0 | D:1      | 0 ||| qw: Do Orc after clearing Dungeon:15 true
     0 | D:1      | 0 ||| qw: Do second Lair branch before Depths: true
     0 | D:1      | 0 ||| qw: Lair rune preference: random
     0 | D:1      | 0 ||| qw: Goals: Normal
     0 | D:1      | 0 ||| PLANNING D:1-11
    36 | D:1      | Reached skill level 3 in Dodging
   160 | D:1      | Reached XP level 2. HP: 8/14 MP: 3/3
   684 | D:1      | 684 ||| READING scroll labelled RONASE MEMELEM.
   785 | D:1      | 785 ||| READING scroll labelled RYSMOU ZUQITS.
   786 | D:1      | 786 ||| READING scroll labelled RIUBOO HYUCU.
   887 | D:1      | 887 ||| DROPPING scroll of butterflies.
   925 | D:2      | 925 ||| STAIRDANCE
   950 | D:2      | 950 ||| STAIRDANCE
  1003 | D:2      | Reached XP level 3. HP: 18/18 MP: 4/4
  1473 | D:2      | 1473 ||| READING scroll labelled VEESTR ADIUDUWALI.
  1473 | D:2      | 1473 ||| ENCHANTING +0 shortbow.
  1474 | D:2      | 1474 ||| READING scroll labelled ZUCLUNOS IPOTU.
  1520 | D:3      | Found Ygheax's Weapon Shoppe.
  1613 | D:3      | Reached skill level 5 in Ranged Weapons
  1648 | D:3      | Reached XP level 4. HP: 22/22 MP: 5/5
  1712 | D:3      | Found Kuomanob's Magic Scroll Boutique.
  1731 | D:3      | 1731 ||| BUYING scroll of identify (20 gold).
  1731 | D:3      | Bought a scroll of identify for 20 gold pieces
  1731 | D:3      | 1731 ||| BUYING scroll of teleportation (30 gold).
  1731 | D:3      | Bought a scroll of teleportation for 30 gold pieces
  1731 | D:3      | 1731 ||| BUYING scroll of teleportation (30 gold).
  1731 | D:3      | Bought a scroll of teleportation for 30 gold pieces
  1738 | D:3      | Found Wet Cawn's Assorted Antiques.
  1739 | D:3      | Found Xileuhod's General Store.
  1745 | D:3      | 1745 ||| SHOPLISTING scroll labelled PAMUUBBA PEIS (24
                  | gold, have 15).
  1745 | D:3      | 1745 ||| SHOPLISTING scroll labelled SAHESCHON CIOSTOFF (24
                  | gold, have 15).
  1745 | D:3      | 1745 ||| SHOPLISTING scroll of identify (48 gold, have 15).
  1745 | D:3      | 1745 ||| SHOPLISTING scroll of teleportation (72 gold, have
                  | 15).
  1753 | D:3      | 1753 ||| SHOPLISTING potion of mutation (96 gold, have 15).
  1753 | D:3      | 1753 ||| SHOPLISTING scroll of teleportation (36 gold, have
                  | 15).
  2047 | D:3      | 2047 ||| UPGRADING to amulet of guardian spirit.
  2052 | D:3      | 2052 ||| READING scroll of identify.
  2052 | D:3      | 2052 ||| IDENTIFYING viscous white potion
  2053 | D:3      | 2053 ||| READING scroll labelled KENECH JAEN.
  2054 | D:3      | 2054 ||| READING scroll labelled ESIBLE RAPE.
  2055 | D:3      | 2055 ||| READING scroll labelled SAHESCHON CIOSTOFF.
  2056 | D:3      | 2056 ||| DRINKING 2 brown potions.
  2057 | D:3      | 2057 ||| DROPPING potion of degeneration.
  2058 | D:3      | 2058 ||| DROPPING potion of attraction.
  2079 | D:4      | Found Keot's Magic Scroll Shoppe.
  2083 | D:4      | 2083 ||| STAIRDANCE
  2116 | D:4      | HP: 5/22 [poisoned by an adder]
  2117 | D:4      | 2117 ||| READING 2 scrolls of teleportation.
  2117 | D:4      | HP: 2/22 [poisoned by an adder]
  2119 | D:4      | Succumbed to an adder's poison

Levels and vault maps discovered:
D:1:      elethiomel_arrival_shortcut, layout_loops_ring
D:2:      layout_rooms, minmay_splitting_lines
D:3:      layout_rooms, serial_shops, shop, nicolae_shop_crystal, shop, shop,
          serial_bayou_ford_a, hangedman_feature_mirror, minmay_between
D:4:      layout_loops_ring, serial_shops, nicolae_shop_statue_plus,
          minmay_misc_feat_ornament, chequers_serial_rivers_marsh

Skill      XL: |  1  2  3 |
---------------+----------+-----
Dodging        | 3 4 |  4.9
Ranged Weapons | 5 |  5.0
Fighting       | |  1.5
Stealth        | |  1.5

Action                     |  1- 3 |  4- 6 || total
---------------------------+-------+-------++-------
   Fire: Shortbow          |   109 |    42 ||   151
    Use: Scroll            |     5 |     5 ||    10
         Potion            |       |     1 ||     1
 Armour: Robe              |     6 |     8 ||    14
  Dodge: Dodged            |    27 |    20 ||    47

Table legend:
 A = Non-vault XP
 B = Vault XP
 C = Vault XP percentage of total XP
 D = Non-vault monster count
 E = Vault monster count
 F = Vault count percentage of total count
                 A         B        C        D         E       F
            +---------+---------+-------+---------+---------+-------
      Total |     134 |      12 |   8.2 |      53 |       7 |  11.7
            +---------+---------+-------+---------+---------+-------
        D:1 |      37 |       0 |   0.0 |      24 |       0 |   0.0
        D:2 |      23 |       0 |   0.0 |       9 |       0 |   0.0
        D:3 |      74 |      12 |  14.0 |      20 |       7 |  25.9
            +---------+---------+-------+---------+---------+-------
